 Dungeon Crawl Stone Soup version 0.25.1-2-g60ff931df9 (webtiles) character file.

Game seed: 10336711217925342396

31017 lorenzova the Eclecticist (level 13, -6/63 HPs)
             Began as a Deep Elf Conjurer on Oct 13, 2020.
             Was a High Priest of Vehumet.
             Engulfed by an ice statue's freezing vapour (18 damage)
             ... in an ice cave.
             The game lasted 00:50:38 (20147 turns).

lorenzova the Eclecticist (Deep Elf Conjurer)      Turns: 20147, Time: 00:50:38

Health: -6/63      AC:  7    Str:  3    XL:     13   Next: 23%
Magic:  24/44      EV: 13    Int: 29    God:    Vehumet [*****.]
Gold:   838        SH:  0    Dex: 15    Spells: 28/44 levels left

rFire    + . .     SeeInvis .   j - staff of conjuration
rCold    . . .     Gourm    .   (no shield)
rNeg     + . .     Faith    .   q - +2 robe {rF+}
rPois    +         Spirit   .   d - +2 hat
rElec    .         Reflect  .   C - +0 cloak of Syly {rN+ rCorr Str-2 Int+3}
rCorr    +         Harm     .   (no gloves)
MR       +....                  (no boots)
Stlth    ++........             I - amulet of magic regeneration
HPRegen  0.20/turn              J - ring of poison resistance
MPRegen  0.54/turn              x - ring of magical power

@: no status effects
A: no striking features
a: Renounce Religion


You were in an ice cave.
You worshipped Vehumet.
Vehumet was extremely pleased with you.
You were very hungry.

You visited 3 branches of the dungeon, and saw 17 of its levels.
You also visited: Ossuary, Gauntlet, Ice Cave and Volcano.

You collected 1194 gold pieces.
You spent 356 gold pieces at shops.

Inventory:

Hand Weapons
 G - the +8 glaive of the Guard {elec, +Rage AC+5 SInv}
   (You took it off a minotaur in a Gauntlet)

   Occasionally, upon striking a foe, it will discharge some electrical energy
   and cause terrible harm.
   It affects your AC (+5).
   It lets you see invisible.
   It lets you go berserk.
Armour
 d - a +2 hat (worn)
 q - a +2 robe of fire resistance (worn)
 C - the +0 cloak of Syly (worn) {rN+ rCorr Str-2 Int+3}
   (You found it in a Gauntlet)

   It affects your strength (-2).
   It affects your intelligence (+3).
   It protects you from negative energy.
   It provides partial protection from all sources of acid and corrosion.
Magical Staves
 j - an uncursed staff of conjuration (weapon)
Jewellery
 a - an uncursed ring of protection from magic
 m - a +6 ring of intelligence
 x - a ring of magical power (right hand)
 I - an amulet of magic regeneration (around neck)
 J - a ring of poison resistance (left hand)
 L - an uncursed ring of flight
Wands
 h - a wand of digging (9)
 F - a wand of clouds (4)
 N - a wand of disintegration (2)
Scrolls
 e - 10 scrolls of remove curse
 f - 10 scrolls of teleportation
 g - 3 scrolls of fear
 k - 4 scrolls of enchant armour
 l - 5 scrolls of amnesia
 n - 9 scrolls of immolation
 p - a scroll of blinking
 r - 2 scrolls of magic mapping
 u - 6 scrolls of fog
 y - a scroll of enchant weapon
Potions
 b - a potion of might
 i - 5 potions of lignification
 o - 9 potions of curing
 s - 3 potions of berserk rage
 t - 2 potions of haste
 v - 2 potions of stabbing
 z - 4 potions of flight
 A - 2 potions of cancellation
 B - 3 potions of ambrosia
 D - a potion of mutation
 E - a potion of magic {unknown}
Comestibles
 c - 37 rations


   Skills:
 - Level 2.4 Dodging
 - Level 2.4 Stealth
 * Level 16.4 Spellcasting
 * Level 14.6 Conjurations
 - Level 9.0 Hexes
 - Level 6.0 Translocations
 * Level 8.5 Fire Magic
 + Level 5.8 Earth Magic


You had 28 spell levels left.
You knew the following spells:

 Your Spells              Type           Power        Failure   Level  Hunger
a - Magic Dart            Conj           ####         0%          1    None
b - Searing Ray           Conj           ######       0%          2    None
c - Iskenderun's Mystic   Conj/Tloc      #######.     1%          4    None
d - Fulminant Prism       Conj/Hex       #######...   1%          4    None
e - Bolt of Magma         Conj/Fire/Erth #######...   1%          5    None

Your spell library contained the following spells:

 Spells                   Type           Power        Failure   Level  Hunger
 Yara's Violent Unravell  Hex/Tmut       #####.....   2%          5    None
 Corona                   Hex            ######.      1%          1    None
 Infusion                 Chrm           ###.         1%          1    None
 Sandblast                Erth           ######       1%          1    None
 Ensorcelled Hibernation  Hex/Ice        #####.       1%          2    None
 Passwall                 Tmut/Erth      #####...     1%          2    None
 Shroud of Golubria       Chrm/Tloc      #####.       1%          2    None
 Confusing Touch          Hex            ######..     1%          3    None
 Dazzling Flash           Conj/Hex       ######       1%          3    None
 Spectral Weapon          Hex/Chrm       #####...     1%          3    None
 Stone Arrow              Conj/Erth      ######       1%          3    None
 Tukima's Dance           Hex            ######..     1%          3    None
 Lee's Rapid Deconstruct  Erth           ######....   1%          5    None
 Song of Slaying          Chrm           ###.....     3%          2    None
 Ozocubu's Armour         Chrm/Ice       ###.....     6%          3    None
 Petrify                  Tmut/Erth      #####...     6%          4    None


Dungeon Overview and Level Annotations

Branches:
Dungeon (11/15)            Temple (1/1) D:5            Lair (5/6) D:11
 Shoals (0/4) Lair:2       Spider (0/4) Lair:3          Orc (0/2) D:9
Ossuary (visited)           IceCv (1/1)             Volcano (visited)
Gauntlet (visited)
  Slime: Lair:5-6

Altars:
Cheibriados
Dithmenos
Elyvilon
Gozag
Hepliaklqana
Kikubaaqudgha
Makhleb
Okawaru
Qazlal
Sif Muna
Trog
Uskayaw
Vehumet
Wu Jian
Yredelemnul
Zin
The Shining One

Shops:
D:4 *   D:6 [   D:8 (   D:10 ?   D:11 (

Annotations:
D:10 1 runed translucent door, Mukuu's ghost, journeyman DEWz IceCv exclusion: 2 ice statues


Message History

Aim: an ice statue (moderately damaged)
You feel a surge of power!
The bolt of magma hits the ice statue!!!
The ice statue melts!
The ice statue is almost destroyed.
The ice statue gestures at you. The bolt of cold hits you!!
* * * LOW HITPOINT WARNING * * *
The ice statue glitters chillingly in the dim dungeon light.
The ice statue gestures at you. The freezing blast misses you.
Casting: Bolt of Magma (dangerous; 1% risk of failure)
Confirm with . or Enter, or press ? or * to list all spells.
Aiming: Bolt of Magma (dangerous; 1% risk of failure)
Press: ? - help, Shift-Dir - straight line, f/p - ice statue
Aim: an ice statue (almost destroyed)
You feel a surge of power!
You hear a sizzling sound!
You are engulfed in freezing vapours.
You die...

####
##...####
........##
.........##
..........##
8..8Y......#
.$....☼☼☼..#
).%..Y○@○∩.#
.!...☼.☼○..#
8..8.......#
..........##
.........##
........##
##...####
####


You could see 2 ice statues and 2 ice beasts.

Vanquished Creatures
  A minotaur (Gauntlet)
  A green death (Gauntlet)
  A hydra (D:11)
  2 catoblepae (Gauntlet)
  A death knight (D:11)
  Urug (Lair:1)
  2 ugly things (IceCv)
  An oklob plant (Lair:3)
  9 spiny frogs
  2 orange demons (Gauntlet)
  3 gargoyles
  A molten gargoyle (Gauntlet)
  A rime drake (Lair:4)
  4 komodo dragons
  A guardian mummy (D:11)
  3 trolls (D:9)
  7 blink frogs
  4 hippogriffs
  Prince Ribbit (Lair:2)
  2 dream sheep (D:11)
  A snapping turtle (Lair:2)
  A meliai zombie (D:11)
  A wraith (D:9)
  30 yaks
  Sigmund (D:3)
  2 basilisks (Lair:1)
  3 wyverns
  2 wargs (D:11)
  5 porcupines
  12 water moccasins
  11 ice beasts
  2 sky beasts (D:9)
  5 orc warriors
  A black bear (D:11)
  2 phantoms
  3 ogres
  3 wolves (Lair:1)
  2 centaurs
  An eye of draining (D:9)
  7 crocodiles
  2 elf zombies (Ossuary)
  3 big kobolds (D:11)
  10 bullfrogs
  A gnoll sergeant (D:7)
  An earth elemental (Volcano)
  A water moccasin skeleton (D:6)
  3 scorpions
  21 killer bees
  16 wights
  3 howler monkeys
  An electric eel (Lair:2)
  A crimson imp (D:7)
  A quasit (D:9)
  5 centaur zombies
  4 human zombies (Ossuary)
  2 hounds
  A jelly (D:11)
  4 centaur skeletons
  9 orc priests
  7 orc wizards
  5 iguanas
  7 worker ants
  A big kobold zombie (Ossuary)
  2 hound zombies (Ossuary)
  A hound skeleton (D:9)
  3 mummies (Ossuary)
  13 adders
  5 gnolls
  A howler monkey skeleton (D:9)
  3 shadow imps
  An ooze (D:2)
  4 adder zombies
  3 adder skeletons
  A dart slug (D:3)
  2 worms
  5 leopard geckos
  69 orcs
  A ball python (D:3)
  10 bats
  A giant cockroach (D:2)
  8 goblins
  9 hobgoblins
  10 jackals
  7 kobolds
  4 quokkas
  3 frilled lizards
  2 gnoll zombies (D:9)
  A goblin zombie (Ossuary)
  4 hobgoblin zombies (Ossuary)
  A jackal zombie (Ossuary)
  6 kobold zombies (Ossuary)
  An orc zombie (Ossuary)
  3 quokka zombies (Ossuary)
  9 rats
  2 rat zombies (Ossuary)
  3 fungi
  4 plants (Lair:3)
454 creatures vanquished.

Vanquished Creatures (others)
  12 demonic plants (Gauntlet)
  84 fulminant prisms
  A plant (D:11)
97 creatures vanquished.

Grand Total: 551 creatures vanquished

Notes
Turn   | Place    | Note
-------+----------+-------------------------------------------
     0 | D:1      | lorenzova the Deep Elf Conjurer began the quest for the
                  | Orb.
     0 | D:1      | Reached XP level 1. HP: 10/10 MP: 6/6
   272 | D:1      | Reached XP level 2. HP: 15/15 MP: 3/8
   319 | D:1      | Learned a level 2 spell: Searing Ray
   784 | D:1      | Reached skill level 4 in Spellcasting
  1111 | D:1      | Reached skill level 5 in Conjurations
  1111 | D:1      | Reached XP level 3. HP: 19/19 MP: 8/10
  1843 | D:2      | Found a white marble altar of Elyvilon.
  1892 | D:2      | Found an opulent altar of Gozag.
  2619 | D:3      | Reached XP level 4. HP: 18/24 MP: 6/12
  2910 | D:3      | Reached skill level 5 in Spellcasting
  3339 | D:3      | Noticed Sigmund
  3346 | D:3      | Killed Sigmund
  3346 | D:3      | Reached skill level 6 in Spellcasting
  3346 | D:3      | Reached XP level 5. HP: 28/28 MP: 5/15
  3487 | D:4      | Reached XP level 6. HP: 32/32 MP: 10/17
  3848 | D:4      | Found an iron altar of Okawaru.
  3947 | D:4      | Found Biov Lut's General Store.
  3954 | D:4      | Bought a potion of haste for 120 gold pieces
  3954 | D:4      | Bought a potion of curing for 36 gold pieces
  3954 | D:4      | Bought a scroll of fog for 24 gold pieces
  4095 | D:4      | Reached skill level 7 in Spellcasting
  4264 | D:4      | Reached XP level 7. HP: 36/36 MP: 9/19
  4662 | D:5      | Entered Level 5 of the Dungeon
  4697 | D:5      | Found a staircase to the Ecumenical Temple.
  4765 | Temple   | Entered the Ecumenical Temple
  4843 | Temple   | Became a worshipper of Vehumet
  4939 | D:5      | Reached skill level 8 in Spellcasting
  5248 | D:5      | Found a sand-covered staircase.
  5258 | Ossuary  | Entered an ossuary
  5573 | Ossuary  | Reached * piety under Vehumet
  5573 | Ossuary  | Offered knowledge of Shock by Vehumet.
  5573 | Ossuary  | Reached skill level 9 in Spellcasting
  5663 | Ossuary  | Reached XP level 8. HP: 41/41 MP: 17/23
  6851 | D:6      | Reached skill level 10 in Spellcasting
  7034 | D:6      | Reached ** piety under Vehumet
  7034 | D:6      | Offered knowledge of Freeze by Vehumet.
  7202 | D:6      | Reached skill level 10 in Conjurations
  7245 | D:6      | Reached skill level 11 in Spellcasting
  7393 | D:6      | Reached XP level 9. HP: 45/45 MP: 19/26
  7434 | D:6      | Learned a level 4 spell: Iskenderun's Mystic Blast
  7439 | D:6      | Learned a level 4 spell: Fulminant Prism
  7765 | D:6      | Found a burning altar of Makhleb.
  7882 | D:6      | Found Kuud Olo's Armour Shop.
  8158 | D:7      | Reached skill level 1 in Hexes
  8214 | D:7      | Reached skill level 1 in Translocations
  8623 | D:7      | Found an ancient bone altar of Kikubaaqudgha.
  8754 | D:7      | Found a bloodstained altar of Trog.
  8754 | D:7      | Found a glowing silver altar of Zin.
  8760 | D:7      | Found a faded altar of an unknown god.
  8762 | D:7      | Found a stormy altar of Qazlal.
  8764 | D:7      | Found a shimmering blue altar of Sif Muna.
  9301 | D:8      | Offered knowledge of Inner Flame by Vehumet.
  9352 | D:8      | Reached *** piety under Vehumet
  9355 | D:8      | Reached skill level 12 in Spellcasting
  9862 | D:8      | Found Teavilla's Weapon Boutique.
 10599 | D:9      | Reached XP level 10. HP: 50/50 MP: 12/28
 10658 | D:9      | Offered knowledge of Hailstorm by Vehumet.
 11215 | D:9      | Found a basalt altar of Yredelemnul.
 11332 | D:9      | Reached **** piety under Vehumet
 11428 | D:9      | Offered knowledge of Mephitic Cloud by Vehumet.
 11579 | D:9      | Found a staircase to the Orcish Mines.
 11602 | D:9      | Reached skill level 13 in Spellcasting
 11808 | D:9      | Reached skill level 5 in Hexes
 12192 | D:9      | Found a hide-covered altar of Uskayaw.
 12470 | D:10     | Entered Level 10 of the Dungeon
 12648 | D:10     | Found Seoj's Magic Scroll Shoppe.
 12659 | D:10     | Bought a scroll of remove curse for 33 gold pieces
 12659 | D:10     | Bought a scroll of teleportation for 33 gold pieces
 12659 | D:10     | Bought a scroll of teleportation for 33 gold pieces
 12659 | D:10     | Bought a scroll of teleportation for 33 gold pieces
 12659 | D:10     | Bought a scroll of identify for 22 gold pieces
 12659 | D:10     | Bought a scroll of identify for 22 gold pieces
 12963 | D:10     | Reached skill level 5 in Translocations
 13066 | D:10     | Reached ***** piety under Vehumet
 13066 | D:10     | Offered knowledge of Bolt of Magma by Vehumet.
 13089 | D:10     | Learned a level 5 spell: Bolt of Magma
 13134 | D:10     | Reached XP level 11. HP: 54/54 MP: 23/30
 13134 | D:10     | Reached skill level 1 in Fire Magic
 13192 | D:10     | Found a runed translucent door.
 13193 | D:10     | Noticed Mukuu's ghost (journeyman DEWz)
 13505 | D:11     | Found a portal to a secret trove of treasure.
 13601 | D:11     | Reached skill level 1 in Earth Magic
 13601 | D:11     | Reached skill level 14 in Spellcasting
 13719 | D:11     | Found a staircase to the Lair.
 13834 | D:11     | Noticed a death knight
 13857 | D:11     | Killed a death knight
 14133 | D:11     | Noticed a two-headed hydra
 14596 | D:11     | Found a shimmering blue altar of Sif Muna.
 14649 | D:11     | Killed a two-headed hydra
 14886 | D:11     | Found Uvapt's Weapon Shoppe.
 15037 | Lair:1   | Entered Level 1 of the Lair of Beasts
 15298 | Lair:1   | Reached skill level 5 in Fire Magic
 15301 | Lair:1   | Reached XP level 12. HP: 59/59 MP: 27/32
 15345 | Lair:1   | Noticed Urug
 15345 | Lair:1   | Reached skill level 15 in Spellcasting
 15353 | Lair:1   | Killed Urug
 15671 | Lair:1   | Offered knowledge of Yara's Violent Unravelling by Vehumet.
 16231 | Lair:2   | Found a staircase to the Shoals.
 16334 | Lair:2   | Found a dark tunnel.
 16341 | Lair:2   | Found an ornate altar of the Wu Jian Council.
 16380 | Volcano  | Entered a volcano
 16848 | Lair:2   | Noticed Prince Ribbit
 16854 | Lair:2   | Killed Prince Ribbit
 16906 | Lair:2   | Got a translucent mace
 16907 | Lair:2   | Identified the +9 mace "Turru" {pain, +Inv rC- rN+} (You
                  | found it on level 2 of the Lair of Beasts)
 17430 | Lair:3   | Found an ancient bone altar of Kikubaaqudgha.
 17547 | Lair:3   | Found a hole to the Spider Nest.
 17615 | Lair:3   | Found a gate leading to a gauntlet.
 17624 | Gauntlet | Entered a Gauntlet
 17624 | Gauntlet | Found a transporter.
 17624 | Gauntlet | Found a transporter.
 17629 | Gauntlet | Found a transporter.
 17644 | Gauntlet | Found a transporter.
 17658 | Gauntlet | Found a transporter.
 17671 | Gauntlet | Found a transporter.
 17687 | Gauntlet | Found a transporter.
 17687 | Gauntlet | Noticed a death scarab
 17690 | Gauntlet | Noticed a death scarab
 17760 | Gauntlet | Found a transporter.
 17762 | Gauntlet | Noticed a catoblepas
 17770 | Gauntlet | Found a transporter.
 17789 | Gauntlet | Noticed a green death
 17792 | Gauntlet | Found a transporter.
 17799 | Gauntlet | Found a transporter.
 17802 | Gauntlet | Found a transporter.
 17815 | Gauntlet | Noticed a catoblepas
 17881 | Gauntlet | Found a transporter.
 17881 | Gauntlet | Found a transporter.
 17890 | Gauntlet | Noticed a hell beast
 17891 | Gauntlet | Found a transporter.
 17901 | Gauntlet | Found a transporter.
 17977 | Gauntlet | Identified a scroll of acquirement
 17977 | Gauntlet | Acquired the amulet "Quelium" {Faith rPois rF- MR+++ Int+3}
 18041 | Gauntlet | Killed a catoblepas
 18114 | Gauntlet | Killed a green death
 18114 | Gauntlet | Reached skill level 5 in Earth Magic
 18325 | Gauntlet | Killed a catoblepas
 18325 | Gauntlet | Reached skill level 16 in Spellcasting
 18330 | Gauntlet | Got a spiked cloak
 18403 | Gauntlet | Identified the +0 cloak of Syly {rN+ rCorr Str-2 Int+3}
                  | (You found it in a Gauntlet)
 18429 | Gauntlet | Noticed a minotaur
 18433 | Gauntlet | Killed a minotaur
 18433 | Gauntlet | Reached XP level 13. HP: 46/63 MP: 20/35
 20058 | Lair:5   | Found a frozen archway.
 20089 | IceCv    | Entered an ice cave
 20123 | IceCv    | Found a transporter.
 20147 | IceCv    | Engulfed by an ice statue's freezing vapour

Illustrated notes

Levels and vault maps discovered:
D:1:      tarquinn_simple_flora_water_e, layout_basic, minivault_19
D:2:      layout_loops_ring, nicolae_gozag_cash_rules_everything_around_me,
          marbit_many_paths, grunt_ministairs_8
D:3:      layout_basic, serial_glass, glass_columns_c, glass_columns_c,
          uniq_sigmund
D:4:      minmay_diamond_boxcup, layout_rooms, kennysheep_mini_moat,
          first_ration, serial_shops, nicolae_shop_waterfront
D:5:      layout_cave_pods, minmay_temple_entry_proselytizer,
          chequers_ossuary_entry_cave
D:6:      layout_basic, nicolae_overflow_hidden_temple, serial_shops, shop
D:7:      layout_rooms, lemuel_doored_altar, chequers_temple_overflow_minitemple
D:8:      layout_layer_cave, serial_shops, shop
D:9:      minmay_inner_zag, layout_basic, lemuel_zombie_altar_yredelemnul,
          kennysheep_little_box, hiddenorc2_lemuel
D:10:     layout_cave_pools, hellmonk_ghost_happy_afterlife, serial_shops,
          nicolae_shop_temple_entry_statues_fountains
D:11:     layout_roguey, erik_lair_orcish_takeover,
          nicolae_trove_entry_path_of_doom, serial_shops, shop, hangedman_ranch
          [blue_anna_fruit_fields], lemuel_blue_sif_altar
Temple:   minmay_temple_curvy_loop
Lair:1:   layout_misc_corridors, beast_lair_carwin_5, uniq_urug
Lair:2:   layout_long_grid, minmay_shoals_entry_hut,
          nicolae_volcano_entry_two_sided, basic_altar, lemuel_fruit_tree,
          uniq_prince_ribbit2
Lair:3:   layout_roguey, dummy_spider_entry, gauntlet_entry_generic,
          lemuel_oklob_altar, grunt_megastairs_1
Lair:4:   layout_regular_city
Lair:5:   layout_long_grid, portal_ice_cave_entry_pillars_2
IceCv:    ice_cave_statue_garden_transporter

Skill      XL: |  1  2  3  4  5  6  7  8  9 10 11 12 13 |
---------------+----------------------------------------+-----
Spellcasting   | 4 6 7 9 11 12 13 14 16 | 16.4
Conjurations   | 5 6 7 8 10 11 12 13 14 | 14.6
Hexes          | 4 6 7 9 |  9.0
Translocations | 3 5 6 |  6.0
Fire Magic     | 5 7 8 |  8.5
Earth Magic    | 3 5 |  5.8
Dodging        | |  2.4
Stealth        | |  2.4

Action                   |  1- 3 |  4- 6 |  7- 9 | 10-12 | 13-15 || total
-------------------------+-------+-------+-------+-------+-------++-------
Melee: Unarmed           |     2 |       |       |       |       ||     2
       Scythe            |       |       |     6 |       |       ||     6
       Staff             |       |       |     1 |       |       ||     1
 Cast: Magic Dart        |    93 |    49 |   247 |   171 |    18 ||   578
       Searing Ray       |       |    10 |    61 |    64 |       ||   135
       Fulminant Prism   |       |       |    12 |    67 |     5 ||    84
       Iskenderun's Myst |       |       |     3 |     3 |     1 ||     7
       Bolt of Magma     |       |       |       |    72 |    26 ||    98
Evoke: Wand              |       |       |       |     2 |       ||     2
  Use: Scroll            |     3 |     2 |     2 |    20 |     3 ||    30
       Potion            |       |       |       |     2 |       ||     2
  Eat: Chunk             |     4 |     6 |    15 |    20 |     1 ||    46
       Ration            |       |       |     1 |     1 |     1 ||     3
Armor: Robe              |     1 |       |     2 |     1 |     2 ||     6
       Leather armour    |       |       |    17 |    14 |       ||    31
Dodge: Dodged            |    13 |     3 |    75 |    56 |     4 ||   151
